AoeStats
← FHH_Boz

Arena

505692090Analyzed
4v4 RM · 21d ago on Sep 10, 2026· 62m 38s· 8 players
Game mode
Random Map
Map size
Large (8 player)
Population
200
Speed
Normal
Resources
Standard
Victory
Conquest
Starting age
Dark Age
Ending age
Imperial Age
RankedLock teamsTeams togetherTeam positionsShared explorationLock speedFull tech treeHidden civsTurbo modeCheats
Victory
Defeat
🇹🇼 Turks · Taiwan
946
+14
🇹🇼 Persians · Taiwan
944
+14
🇹🇼 Teutons · Taiwan
937
+15
🇹🇼 Vietnamese · Taiwan
920
+15
🇹🇷 Poles · Türkiye
980
-18
🇨🇱 Bohemians · Chile
896
-14
🇹🇷 Celts · Türkiye
878
-13
🇪🇸 Romans · Spain
868
-13
martinignacio
7:40 Loom
10:31 Feudal Age
20:16 Castle Age
17:59 Horse Collar
25:22 Town Watch
26:16 Wheelbarrow
27:17 Double-Bit Axe
29:35 Bow Saw
32:42 Chemistry
34:17 Imperial Age
35:12 Ballistics
35:23 Fervor
37:49 Two-Man Saw
40:27 Block Printing
39:50 Houfnice
47:16 Heavy Scorpion
Loretin
9:55 Feudal Age
10:46 Double-Bit Axe
10:55 Horse Collar
18:32 Castle Age
20:59 Squires
20:21 Man-at-Arms
21:04 Scale Mail Armor
21:14 Forging
21:50 Wheelbarrow
21:59 Heavy Plow
38:40 Pikeman
43:01 Ballistas
44:35 Chain Mail Armor
44:56 Iron Casting
45:46 Long Swordsman
51:50 Imperial Age
51:40 Hand Cart
56:10 Imperial Age
Chad
11:27 Feudal Age
15:55 Castle Age
14:32 Double-Bit Axe
15:04 Loom
16:27 Wheelbarrow
17:07 Horse Collar
17:40 Scale Barding Armor
20:51 Heavy Plow
22:18 Bloodlines
24:03 Hand Cart
28:33 Imperial Age
27:00 Bow Saw
27:53 Forging
28:03 Chain Barding Armor
27:46 Husbandry
27:57 Bloodlines
28:00 Fortified Wall
28:10 Ballistics
29:41 Iron Casting
30:32 Chemistry
29:39 Siege Engineers
29:15 Cavalier
30:56 Gold Mining
30:57 Stone Mining
32:26 Lechitic Legacy
32:27 Conscription
33:16 Szlachta Privileges
35:00 Crop Rotation
35:11 Conscription
36:34 Blast Furnace
37:14 Light Cavalry
40:33 Winged Hussar
48:45 Onager
51:21 Elite Obuch
52:02 Scale Mail Armor
51:51 Arson
52:07 Squires
54:19 Chain Mail Armor
55:59 Plate Mail Armor
モ大は題の
0:26 Loom
11:21 Feudal Age
12:21 Double-Bit Axe
17:37 Castle Age
17:13 Fletching
18:43 Scale Mail Armor
19:43 Forging
24:06 Wheelbarrow
27:02 Hand Cart
26:35 Town Watch
31:43 Stronghold
37:33 Arson
39:02 Town Patrol
47:26 Fortified Wall
47:15 Bodkin Arrow
47:57 Iron Casting
47:37 Chain Mail Armor
47:04 Pikeman
48:57 Arson
53:41 Masonry
53:12 Treadmill Crane
57:48 Bow Saw
61:13 Man-at-Arms
FHH_Lion
11:34 Feudal Age
15:18 Castle Age
13:40 Horse Collar
13:48 Double-Bit Axe
16:12 Heavy Plow
16:24 Bow Saw
21:55 Loom
24:11 Scale Mail Armor
24:28 Gold Mining
27:52 Chain Mail Armor
27:29 Fletching
30:39 Imperial Age
28:52 Wheelbarrow
28:05 Town Watch
29:06 Forging
31:03 Iron Casting
30:24 Bodkin Arrow
32:30 Chemistry
32:49 Squires
32:35 Arson
34:04 Cavalier
34:54 Bloodlines
35:25 Conscription
35:42 Scale Barding Armor
36:21 Hand Cart
36:10 Town Patrol
36:42 Chain Barding Armor
39:52 Pikeman
42:28 Halberdier
44:20 Plate Mail Armor
44:51 Blast Furnace
43:21 Halberdier
47:52 Siege Engineers
59:14 Plate Barding Armor
FHH_Ming
10:54 Feudal Age
9:26 Loom
14:58 Castle Age
12:51 Horse Collar
12:59 Double-Bit Axe
20:47 Bow Saw
23:16 Crossbowman
30:14 Fletching
30:27 Padded Archer Armor
35:50 Imperial Age
34:21 Bodkin Arrow
35:57 Ballistics
36:13 Arbalester
39:00 Chemistry
37:50 Elite Skirmisher
39:29 Heavy Plow
40:56 Wheelbarrow
40:52 Bracer
44:09 Two-Man Saw
44:17 Paper Money
44:11 Pikeman
44:51 Squires
44:37 Arson
46:03 Halberdier
46:45 Squires
46:31 Arson
47:21 Thumb Ring
49:03 Imperial Skirmisher
56:10 Bloodlines
55:21 Light Cavalry
FHH_Vic
11:18 Feudal Age
11:33 Loom
12:35 Double-Bit Axe
12:43 Horse Collar
15:11 Castle Age
16:26 Bow Saw
30:16 Wheelbarrow
33:27 Imperial Age
31:12 Hand Cart
31:52 Gold Mining
31:52 Stone Mining
33:58 Husbandry
34:09 Bloodlines
35:13 Two-Man Saw
34:15 Heavy Plow
36:11 Conscription
36:03 Citadels
36:34 Forging
36:30 Scale Barding Armor
37:59 Iron Casting
38:07 Gold Shaft Mining
38:08 Stone Shaft Mining
37:02 Elite War Elephant
39:17 Elite War Elephant
39:48 Cavalier
41:32 Blast Furnace
40:53 Chain Barding Armor
41:45 Light Cavalry
45:34 Hussar
47:04 Plate Barding Armor
46:29 Scale Mail Armor
46:36 Capped Ram
53:33 Savar
FHH_Boz
12:25 Feudal Age
17:06 Castle Age
21:47 Imperial Age
29:25 Padded Archer Armor
35:24 Double-Bit Axe
35:28 Horse Collar
36:57 Wheelbarrow
37:32 Leather Archer Armor
38:05 Bow Saw
40:47 Ring Archer Armor
50:24 Hand Cart
Connection lost

Rejoining the realm…

Still unreachable

The connection could not be restored.

Session expired

The server has moved on; the page needs a fresh start.